 Dungeon Crawl Stone Soup version 0.25.0-26-g0c896c7088 (webtiles) character file.

Game seed: 15108636975313397991

177 Ethylacetat the Changer (level 5, -15/44 HPs)
             Began as a Naga Transmuter on July 5, 2020.
             Demolished by an orc warrior
             ... wielding a +0 halberd
              (17 damage)
             ... on level 4 of the Dungeon.
             The game lasted 00:13:30 (3859 turns).

Ethylacetat the Changer (Naga Transmuter)           Turns: 3859, Time: 00:13:31

Health: -15/44     AC:  2    Str: 12    XL:     5   Next: 57%
Magic:  7/9        EV: 10    Int: 15    God:
Gold:   105        SH:  0    Dex: 11    Spells: 6/10 levels left

rFire    . . .     SeeInvis +     - Unarmed
rCold    . . .     Gourm    .   (no shield)
rNeg     . . .     Faith    .   b - +0 robe
rPois    +         Spirit   .   (no helmet)
rElec    .         Reflect  .   (no cloak)
rCorr    .         Harm     .   (no gloves)
MR       .....                  (no barding)
Stlth    +.........             (no amulet)
HPRegen  0.14/turn              (no ring)
MPRegen  0.11/turn              (no ring)

@: very slow
A: large, see invisible, deformed body, poison resistance, slowness 2, slow
metabolism 1, spit poison 1, AC +1
a: Spit Poison


You were on level 4 of the Dungeon.
You were not hungry.

You visited 1 branch of the dungeon, and saw 4 of its levels.

You collected 105 gold pieces.

Inventory:

Missiles
 a - 25 arrows
Armour
 b - a +0 robe (worn)
Scrolls
 g - a scroll of enchant weapon {unknown}
 h - 4 scrolls of identify {unknown}
 i - 5 scrolls of enchant armour {unknown}
 j - 2 scrolls of fear {unknown}
 k - 4 scrolls of teleportation {unknown}
 l - 2 scrolls of remove curse {unknown}
 m - 2 scrolls of fog {unknown}
 o - a scroll of blinking {unknown}
 q - a scroll of magic mapping {unknown}
Potions
 c - a potion of stabbing {unknown}
 e - 2 potions of curing {unknown}
 f - a potion of might {unknown}
 n - a potion of degeneration {unknown}
 p - a potion of cancellation {unknown}
Comestibles
 d - 5 rations


   Skills:
 - Level 1.0 Fighting
 - Level 1.5 Dodging
 - Level 3.0 Unarmed Combat
 + Level 3.0 Spellcasting
 * Level 4.1 Transmutations
 * Level 3.4 Poison Magic


You had 6 spell levels left.
You knew the following spells:

 Your Spells              Type           Power        Failure   Level  Hunger
a - Beastly Appendage     Tmut           ##....       3%          1    #......
b - Spider Form           Tmut/Pois      ##........   13%         3    ###....

Your spell library contained the following spells:

 Spells                   Type           Power        Failure   Level  Hunger
 Sticks to Snakes         Tmut           ##......     5%          2    ##.....
 Ice Form                 Ice/Tmut       #.......     65%         4    #####..
 Blade Hands              Tmut           ##........   71%         5    ######.


Dungeon Overview and Level Annotations

Branches:
Dungeon (4/15)
 Temple: D:4-7

Altars:
Nemelex Xobeh
Vehumet
Xom


Innate Abilities, Weirdness & Mutations

You cannot wear boots.
Your serpentine skin is tough. (AC +1)
You have supernaturally acute eyesight. (SInv)
Armour fits poorly on your strangely shaped body.
Your system is resistant to poisons. (rPois)
You cover ground very slowly.
You have a slow metabolism.
You can spit poison.


Message History

You hit the orc warrior but do no damage.
The orc warrior is lightly wounded.
The orc warrior hits you with a +0 halberd!
You hit the orc warrior.
The orc warrior looks even sicker.
The orc warrior is lightly wounded.
The orc priest calls upon Beogh to heal the orc warrior.
The orc warrior is healed somewhat.
The orc warrior closely misses you.
You hit the orc warrior but do no damage.
The orc warrior looks as sick as possible!
The orc warrior is lightly wounded.
Your transformation has ended.
Your +0 robe unmelds from your body.
The orc warrior hits you with a +0 halberd!!
Ouch! That really hurt!
* * * LOW HITPOINT WARNING * * *
You have got your breath back.
The orc priest calls down the wrath of Beogh upon you.
You struggle to resist.
The orc warrior hits you from afar with a +0 halberd!
You die...

......#
##.....#
......
#......#
.....
##..#.#.#
o...%
#...._..#
....
##...#.###
....
#......#
##o...###
##)o..##
#@...##
#...##
...##
#...#
...##
...## ####


You could see an orc warrior (extremely poisoned) and an orc priest.

Vanquished Creatures
  Terence (D:3)
  4 gnolls
  2 adders (D:3)
  An ooze (D:3)
  2 worms (D:2)
  2 dart slugs (D:1)
  4 orcs
  A ball python (D:2)
  3 bats (D:1)
  4 giant cockroaches
  11 goblins
  10 hobgoblins
  4 jackals (D:2)
  10 kobolds
  2 quokkas (D:3)
  3 frilled lizards
  11 rats
75 creatures vanquished.

Notes
Turn   | Place    | Note
-------+----------+-------------------------------------------
     0 | D:1      | Ethylacetat the Naga Transmuter began the quest for the
                  | Orb.
     0 | D:1      | Reached XP level 1. HP: 18/18 MP: 3/3
    99 | D:1      | Reached XP level 2. HP: 19/25 MP: 5/5
   638 | D:1      | Reached skill level 3 in Transmutations
   638 | D:1      | Reached XP level 3. HP: 21/31 MP: 6/6
   643 | D:1      | Learned a level 3 spell: Spider Form
  1328 | D:1      | Reached skill level 1 in Poison Magic
  1555 | D:2      | Found a sparkling altar of Nemelex Xobeh.
  1650 | D:2      | Reached XP level 4. HP: 37/38 MP: 7/7
  2256 | D:3      | Noticed Terence
  2266 | D:3      | Killed Terence
  2414 | D:3      | Found a radiant altar of Vehumet.
  2452 | D:3      | Reached XP level 5. HP: 22/44 MP: 9/9
  2892 | D:3      | Reached skill level 4 in Transmutations
  3672 | D:4      | Found a shimmering altar of Xom.
  3690 | D:4      | Noticed an orc warrior
  3858 | D:4      | HP: 2/44 [orc warrior/+0 halberd (23)]
  3859 | D:4      | Demolished by an orc warrior

Illustrated notes

Levels and vault maps discovered:
D:1:      psy_arrival_terrarium, layout_loops_corners
D:2:      layout_rooms, lemuel_crystal_altar
D:3:      layout_loops_corners, lemuel_statue_altar, uniq_terence
D:4:      layout_cave_pods, lemuel_crystal_altar, first_ration,
          nicolae_gozag_zags_fifth_avenue

Skill      XL: |  1  2  3  4  5 |
---------------+----------------+-----
Transmutations | 3 4 |  4.1
Poison Magic   | 1 2 3 |  3.4
Spellcasting   | 3 |  3.0
Fighting       | |  1.0
Dodging        | |  1.5
Unarmed Combat | |  3.0

Action                   |  1- 3 |  4- 6 || total
-------------------------+-------+-------++-------
Melee: Unarmed           |    84 |   115 ||   199
 Cast: Beastly Appendage |     2 |       ||     2
       Spider Form       |     2 |    12 ||    14
 Abil: Spit Poison       |    31 |    20 ||    51
  Eat: Chunk             |     4 |     8 ||    12
Armor: Robe              |    16 |     4 ||    20
       Skin              |     1 |     3 ||     4
Dodge: Dodged            |    48 |    79 ||   127
